 Dungeon Crawl Stone Soup version 0.22.1-6-g1668fe2c40 (webtiles) character file.

3620 Forgol the Grappler (level 9, -8/88 HPs)
             Began as a Troll Monk on Jan 18, 2019.
             Was a High Priest of Cheibriados.
             Mangled by a catoblepas (12 damage)
             ... on level 1 of the Lair of Beasts.
             The game lasted 00:29:16 (7852 turns).

Forgol the Grappler (Troll Monk)                    Turns: 7852, Time: 00:29:16

Health: -8/88      AC:  6    Str: 34    XL:     9   Next: 86%
Magic:  8/8        EV:  1    Int: 17    God:    Cheibriados [*****.]
Gold:   536        SH:  0    Dex: 24    Spells: 8/8 levels left

rFire    . . .     SeeInvis .   s - +2 giant club
rCold    . . .     Gourm    +   (shield currently unavailable)
rNeg     + + +     Faith    .   a - +0 robe
rPois    ∞         Spirit   .   (helmet restricted)
rElec    .         Reflect  .   j - +0 cloak
rCorr    .         Harm     .   (gloves unavailable)
MR       +....                  (boots unavailable)
Stlth    ++........             (no amulet)
HPRegen  0.64/turn              q - ring of protection from magic
MPRegen  0.11/turn              (no ring)

@: petrified, very slow
A: large, unfitting armour, claws 3, fast metabolism 3, gourmand, regeneration
1, shaggy fur 1, tough skin 2
a: Bend Time, Temporal Distortion, Slouch, Step From Time, Renounce Religion


You were on level 1 of the Lair of Beasts.
You worshipped Cheibriados.
Cheibriados was extremely pleased with you.
You were very full.

You visited 3 branches of the dungeon, and saw 11 of its levels.

You collected 536 gold pieces.

Inventory:

Hand Weapons
 h - a +0 club
 i - the cursed +1 quarterstaff of True Grit {elec, Str+3, unknown}
   (You found it on level 6 of the Dungeon)

   Occasionally, upon striking a foe, it will discharge some electrical energy
   and cause terrible harm.
   It affects your strength (+3).
   It has a curse placed upon it.
 l - a +0 mace
 s - a +2 giant club (weapon)
 v - the +3 rapier of Yxuecs {freeze, rF- Str+4 Int+7 SInv, unknown}
   (You found it on level 8 of the Dungeon)

   It has been specially enchanted to freeze those struck by it, causing extra
   injury to most foes and up to half again as much damage against particularly
   susceptible opponents.
   It can also slow down cold-blooded creatures.
   It affects your strength (+4).
   It affects your intelligence (+7).
   It makes you vulnerable to fire.
   It lets you see invisible.
 x - a +0 flail of protection
Missiles
 c - 5 javelins
 r - 6 large rocks (quivered)
Armour
 a - a +0 robe (worn)
 e - a scarf of resistance
 j - a +0 cloak (worn)
 n - a +0 large shield
Jewellery
 q - a ring of protection from magic (left claw)
 z - an uncursed ring of see invisible {unknown}
Wands
 k - a wand of digging (8)
 C - a wand of flame (29)
Scrolls
 d - 2 scrolls of fog
 g - 3 scrolls of identify
 o - 5 scrolls of remove curse
 t - a scroll of teleportation
 u - a scroll of amnesia
 w - a scroll of torment {unknown}
 y - a scroll of holy word
 D - a scroll of magic mapping
Potions
 f - a potion of heal wounds
 m - 2 potions of curing
 p - 2 potions of berserk rage
Comestibles
 b - 15 rations


   Skills:
 - Level 5.3 Fighting
 - Level 4.7 Maces & Flails
 - Level 5.5 Dodging
 - Level 1.0 Stealth
 - Level 2.2 Shields
 - Level 10.1 Unarmed Combat
 + Level 0.0 Invocations


You had 8 spell levels left.
You didn't know any spells.
Your spell library contained the following spells:

 Spells                   Type           Power        Failure   Level  Hunger
 Beastly Appendage        Tmut           #.....       24%         1    ##.....
 Confusing Touch          Hex            #.....       24%         1    ##.....
 Sticks to Snakes         Tmut           #.......     34%         2    ###....
 Confuse                  Hex            #.......     56%         3    ####...
 Gell's Gravitas          Tloc           #.........   56%         3    ####...
 Spider Form              Tmut/Pois      #.........   56%         3    ####...
 Ice Form                 Ice/Tmut       #.......     93%         4    #####..
 Petrify                  Tmut/Erth      #.......     93%         4    #####..
 Blade Hands              Tmut           #.........   100%        5    ######.
 Metabolic Englaciation   Hex/Ice        #.........   100%        5    ######.
 Yara's Violent Unravell  Hex/Tmut       #.........   100%        5    ######.


Dungeon Overview and Level Annotations

Branches:
Dungeon (9/15)             Temple (1/1) D:4            Lair (1/6) D:9
    Orc: D:9-12

Altars:
Ashenzari
Cheibriados
Dithmenos
Elyvilon
Fedhas
Gozag
Hepliaklqana
Kikubaaqudgha
Makhleb
Nemelex Xobeh
Okawaru
Qazlal
Ru
Sif Muna
Trog
Uskayaw
Vehumet
Wu Jian
Xom
Yredelemnul
Zin
The Shining One

Portals:
Labyrinth: Lair:1

Annotations:
D:6 exclusion: statue


Innate Abilities, Weirdness & Mutations

You are too large for most types of armour.
You have claws for hands.
Your metabolism is lightning-fast.
You like to eat raw meat.
Your natural rate of healing is unusually fast.
You are covered in fur. (AC +1)
You have very tough skin. (AC +2)


Message History

The bullfrog barely misses you. The catoblepas gores you!!
The bullfrog hits you.
* * * LOW HITPOINT WARNING * * *
The catoblepas gores you!!
* * * LOW HITPOINT WARNING * * *
The bullfrog hits you. The bullfrog hits you.
* * * LOW HITPOINT WARNING * * *
The catoblepas breathes a plume of calcifying dust at you.
The blast of calcifying dust hits you!
* * * LOW HITPOINT WARNING * * *
The blast of calcifying dust hits the bullfrog.
The bullfrog is engulfed in calcifying dust.
The bullfrog hits you but does no damage.
You are engulfed in calcifying dust.
The bullfrog is engulfed in calcifying dust.
The bullfrog hits you!
* * * LOW HITPOINT WARNING * * *
The catoblepas gores you!!
You die...

#.?......#
#........#
##........#
.....?...# #
#........#
###P#....§...#
.......FF....##
.......@.....P#
......YF.....##
.............#
.............#
.............#
...∩.........#
...............
#####.(........
#..........


You could see a catoblepas and 3 bullfrogs.

Vanquished Creatures
  Eustachio (D:6)
  Menkaure (D:6)
  A water moccasin (D:7)
  2 ice beasts
  Duvessa (D:6)
  An orc warrior (D:8)
  A sky beast (D:6)
  3 ogres
  2 centaurs
  A big kobold (D:8)
  8 bullfrogs
  Dowan (D:6)
  4 killer bees (D:9)
  4 scorpions
  A jelly (D:8)
  2 bullfrog zombies
  5 crimson imps
  2 hounds (D:9)
  A quasit (D:8)
  Crazy Yiuf (D:6)
  A centaur skeleton (D:9)
  6 orc priests
  A bullfrog skeleton (D:9)
  A gnoll shaman (D:4)
  Terence (D:3)
  4 worker ants
  5 orc wizards
  A howler monkey zombie (D:7)
  2 hound skeletons
  14 adders
  8 gnolls
  A howler monkey skeleton (D:4)
  A shadow imp (D:6)
  An ooze (D:3)
  An adder skeleton (D:4)
  An adder zombie (D:5)
  3 worms
  4 dart slugs
  6 leopard geckos
  33 orcs
  8 bats
  8 giant cockroaches
  8 goblins
  13 hobgoblins
  14 jackals
  3 kobolds
  3 quokkas
  8 frilled lizards
  2 goblin zombies (D:5)
  A leopard gecko skeleton (D:4)
  A quokka skeleton (D:4)
  7 rats
214 creatures vanquished.

Vanquished Creatures (others)
  A fungus (D:8)
1 creature vanquished.

Grand Total: 215 creatures vanquished

Notes
Turn   | Place    | Note
-------+----------+-------------------------------------------
     0 | D:1      | Forgol the Troll Monk began the quest for the Orb.
     0 | D:1      | Reached XP level 1. HP: 22/22 MP: 0/0
    54 | D:1      | Reached XP level 2. HP: 29/29 MP: 1/1
   274 | D:1      | Reached skill level 4 in Unarmed Combat
   477 | D:1      | Reached XP level 3. HP: 36/36 MP: 2/2
  1039 | D:2      | Found a basalt altar of Yredelemnul.
  1040 | D:2      | Reached XP level 4. HP: 44/44 MP: 3/3
  1138 | D:2      | Reached skill level 5 in Unarmed Combat
  1346 | D:3      | Noticed Terence
  1358 | D:3      | Killed Terence
  1527 | D:3      | Reached XP level 5. HP: 29/50 MP: 4/4
  1593 | D:3      | Reached skill level 6 in Unarmed Combat
  1797 | D:3      | Found a sacrificial altar of Ru.
  1925 | D:3      | Found an opulent altar of Gozag.
  1951 | D:3      | Found a shattered altar of Ashenzari.
  2330 | D:4      | Reached XP level 6. HP: 31/59 MP: 5/5
  2475 | D:4      | Reached skill level 7 in Unarmed Combat
  2836 | D:4      | Reached skill level 8 in Unarmed Combat
  2836 | D:4      | Reached XP level 7. HP: 36/66 MP: 6/6
  2986 | D:4      | Found a staircase to the Ecumenical Temple.
  2991 | Temple   | Entered the Ecumenical Temple
  3071 | Temple   | Became a worshipper of Cheibriados the Contemplative
  3071 | Temple   | Reached * piety under Cheibriados
  3071 | Temple   | Reached ** piety under Cheibriados
  3346 | D:4      | Found a deep blue altar of Sif Muna.
  3455 | D:5      | Entered Level 5 of the Dungeon
  3925 | D:5      | Reached XP level 8. HP: 70/75 MP: 7/7
  3994 | D:5      | Reached skill level 9 in Unarmed Combat
  4266 | D:6      | Found a radiant altar of Vehumet.
  4386 | D:6      | Noticed Duvessa
  4486 | D:6      | Reached *** piety under Cheibriados
  4534 | D:6      | Found a runed door.
  4538 | D:6      | Noticed Crazy Yiuf
  4542 | D:6      | Killed Crazy Yiuf
  4737 | D:6      | Noticed Dowan
  4746 | D:6      | Killed Duvessa
  4752 | D:6      | Killed Dowan
  4774 | D:6      | Got a brightly glowing quarterstaff
  4779 | D:6      | Noticed Menkaure
  4785 | D:6      | Killed Menkaure
  4929 | D:6      | Found a shimmering altar of Xom.
  4930 | D:6      | Found a hide-covered altar of Uskayaw.
  4930 | D:6      | Noticed Eustachio
  4933 | D:6      | Killed Eustachio
  4933 | D:6      | Reached skill level 10 in Unarmed Combat
  5253 | D:7      | Reached XP level 9. HP: 85/85 MP: 8/8
  5495 | D:7      | Reached skill level 1 in Shields
  5499 | D:7      | Reached skill level 1 in Maces & Flails
  6407 | D:8      | Got a transparent rapier
  6447 | D:8      | Found a blossoming altar of Fedhas.
  6449 | D:8      | Reached **** piety under Cheibriados
  6455 | D:8      | Found a stormy altar of Qazlal.
  6633 | D:8      | Reached skill level 5 in Dodging
  6653 | D:8      | Reached skill level 5 in Fighting
  7297 | D:9      | Reached ***** piety under Cheibriados
  7462 | D:9      | Found an iron altar of Okawaru.
  7732 | D:9      | Found a staircase to the Lair.
  7840 | Lair:1   | Entered Level 1 of the Lair of Beasts
  7840 | Lair:1   | Found a labyrinth entrance.
  7840 | Lair:1   | Noticed a catoblepas
  7843 | Lair:1   | Noticed a black mamba
  7852 | Lair:1   | HP: 4/88 [bullfrog (3)]
  7852 | Lair:1   | Mangled by a catoblepas

Skill      XL: |  1  2  3  4  5  6  7  8  9 |
---------------+----------------------------+-----
Unarmed Combat | 4 5 6 8 10 | 10.1
Fighting       | 3 4 5 |  5.3
Dodging        | 3 4 5 |  5.5
Shields        | 2 |  2.2
Maces & Flails | 4 |  4.7
Stealth        | |  1.0

Action                   |  1- 3 |  4- 6 |  7- 9 || total
-------------------------+-------+-------+-------++-------
Melee: Unarmed           |    94 |   150 |   225 ||   469
       Punch             |       |     1 |     6 ||     7
       Giant club        |       |       |    67 ||    67
       Flail             |       |       |     9 ||     9
  Use: Scroll            |     3 |     5 |    10 ||    18
       Potion            |       |       |     9 ||     9
 Stab: Sleeping          |     3 |     2 |     7 ||    12
       Distracted        |       |       |     1 ||     1
  Eat: Chunk             |    15 |    16 |    30 ||    61
Armor: Robe              |    27 |    39 |    79 ||   145
Dodge: Dodged            |    49 |    69 |   152 ||   270
Block: Large shield      |       |       |    66 ||    66
